 Dungeon Crawl Stone Soup version 0.18.1-48-g4cf74bf (webtiles) character file.

10343 Heedrag the Destroyer (level 11, -1/57 HPs)
             Began as a Deep Elf Conjurer on July 31, 2016.
             Was a Follower of Vehumet.
             Slain by a wolf (2 damage)
             ... on level 3 of the Lair of Beasts.
             The game lasted 00:29:02 (13016 turns).

Heedrag the Destroyer (Deep Elf Conjurer)          Turns: 13016, Time: 00:29:03

Health: -1/57      AC:  6    Str:  8    XL:     11   Next: 34%
Magic:  19/28      EV: 14    Int: 24    God:    Vehumet [*.....]
Gold:   607        SH:  0    Dex: 15    Spells: 7 memorised, 15 levels left

rFire  . . .     SeeInvis .     m - +3 dagger (freeze)
rCold  . . .     Gourm    +     a - +0 robe
rNeg   . . .     Faith    .     (no shield)
rPois  .         Spirit   .     e - +2 hat
rElec  .         Dismiss  .     (no cloak)
rCorr  .         Reflect  .     P - +0 pair of gloves
SustAt .         Harm     .     H - +0 pair of boots
MR     +....                    r - amulet of the gourmand
Stlth  ++........               X - ring of wizardry
                                B - +3 ring of intelligence

@: somewhat resistant to hostile enchantments, unstealthy
A: sense surroundings 1
a: Renounce Religion


You were on level 3 of the Lair of Beasts.
You worshipped Vehumet.
Vehumet was aware of your devotion.
You were completely stuffed.

You visited 3 branches of the dungeon, and saw 12 of its levels.
You also visited: Sewer and Bailey.

You collected 607 gold pieces.

Inventory:

Hand Weapons
 m - a +3 dagger of freezing (weapon)
 I - a +0 dagger of venom
Armour
 a - a +0 robe (worn)
 e - a +2 hat (worn)
 H - a +0 pair of boots (worn)
 P - a +0 pair of gloves (worn)
 R - a +1 shield of protection
 S - a +0 crystal plate armour
 Y - a +0 buckler
Magical Staves
 W - an uncursed staff of air
Jewellery
 d - an uncursed ring of positive energy {unknown}
 r - an amulet of the gourmand (around neck)
 s - an uncursed amulet of magic regeneration
 x - an uncursed amulet of regeneration
 B - a +3 ring of intelligence (left hand)
 N - an uncursed ring of fire
 X - a ring of wizardry (right hand)
Wands
 n - a wand of teleportation (5/9)
 z - a wand of iceblast (8/15)
 G - a wand of flame (33/48)
 J - a wand of flame (7/48)
 Q - a wand of flame (19/48)
Scrolls
 g - a scroll of enchant armour
 h - 10 scrolls of identify
 k - 3 scrolls of teleportation
 o - 5 scrolls of noise
 q - 2 scrolls of fog
 t - a scroll of immolation
 w - a scroll of summoning {unknown}
 y - a scroll of fear
 F - 7 scrolls of remove curse
 U - a scroll of magic mapping
Potions
 l - a potion of resistance
 p - a potion of degeneration
 u - 2 potions of might
 M - 2 potions of agility
 O - 2 potions of cure mutation
Books
 b - a book of Conjurations

   Spells                             Type                      Level
   a - Magic Dart                     Conjuration                  1
   b - Searing Ray                    Conjuration                  2
   c - Dazzling Spray                 Conjuration/Hexes            3
   d - Fulminant Prism                Conjuration/Hexes            4
   e - Iskenderun's Mystic Blast      Conjuration                  4
   f - Iskenderun's Battlesphere      Conjuration/Charms           5
 K - a book of Debilitation

   Spells                             Type                      Level
   a - Corona                         Hexes                        1
   b - Slow                           Hexes                        2
   c - Gell's Gravitas                Hexes/Translocation          3
   d - Inner Flame                    Hexes/Fire                   3
   e - Cause Fear                     Hexes                        4
   f - Leda's Liquefaction            Hexes/Earth                  4
 V - a book of Burglary

   Spells                             Type                      Level
   a - Swiftness                      Charms/Air                   2
   b - Passwall                       Transmutation/Earth          2
   c - Passage of Golubria            Translocation                4
   d - Lee's Rapid Deconstruction     Earth                        5
   e - Darkness                       Hexes                        6
   f - Invisibility                   Hexes                        6
 Z - a book of Minor Magic

   Spells                             Type                      Level
   a - Magic Dart                     Conjuration                  1
   b - Blink                          Translocation                2
   c - Call Imp                       Summoning                    2
   d - Repel Missiles                 Charms/Air                   2
   e - Slow                           Hexes                        2
   f - Conjure Flame                  Conjuration/Fire             3
   g - Mephitic Cloud                 Conjuration/Poison/Air       3
Miscellaneous
 T - a stone of tremors
Comestibles
 c - 7 bread rations
 f - 2 slices of pizza
 i - 7 meat rations
 j - a royal jelly
 D - 5 fruits
 E - 3 beef jerkies


   Skills:
 + Level 1.8 Fighting
 + Level 4.4 Dodging
 - Level 2.4 Stealth
 + Level 11.9 Spellcasting
 * Level 14.1 Conjurations
 - Level 10.4 Charms
 + Level 1.8 Fire Magic


You had 15 spell levels left.
You knew the following spells:

 Your Spells              Type           Power        Failure   Level  Hunger
a - Magic Dart            Conj           ####         0%          1    None
b - Dazzling Spray        Conj/Hex       #####.       1%          3    None
c - Iskenderun's Mystic   Conj           ######..     1%          4    None
d - Iskenderun's Battles  Conj/Chrm      ######..     1%          5    ###....
e - Swiftness             Chrm/Air       #####...     1%          2    None
f - Repel Missiles        Chrm/Air       #####.       1%          2    None
g - Flame Tongue          Conj/Fire      #####        1%          1    None


Dungeon Overview and Level Annotations

Branches:
Dungeon (8/15)             Temple (1/1) D:7            Lair (3/8) D:8
  Swamp: Lair:3-6    Shoals: Lair:3-6     Snake: Lair:3-6    Spider: Lair:3-6

Altars:
Ashenzari
Cheibriados
Dithmenos
Elyvilon
Gozag
Kikubaaqudgha
Makhleb
Nemelex Xobeh
Okawaru
Pakellas
Qazlal
Sif Muna
Trog
Vehumet
Xom
Zin
The Shining One

Annotations:
Lair:2 Gastronok


Innate Abilities, Weirdness & Mutations

You passively map a small area around you.


Message History

* * * LOW HITPOINT WARNIN'
* * * Ye climb downwards.
Ye hear a distant snort.
Hark!
Thar be an entrance ta a minotaur's labyrinth on 'tis level.
Find tha entrance quickly 'fore tha gate be sealed!
Thar be a stone staircase leadin' up 'ere.
Castin': Magic Dart Confirm wit' . or Enter, or press ? or * ta list all spells.
Ye conjure a globe o' magical energy.
Tha wolf bites ye but does nay damage.
Tha wolf closely misses ye. x2; Tha wolf bites ye but does nay damage.
Castin': Iskenderun's Battlesphere Confirm wit' . or Enter, or press ? or * ta list all spells.
Aimin': Iskenderun's Mestic Blast
Press: ? - help, Shift-Dir - straight line, f - wolf
Aim: a wolf Tha orb o' energy hits tha wolf.
Ye kill tha wolf!
Vehumet accepts yer kill.
Yer battlesphere fires!
Tha wolf closely misses ye.
Tha wolf bites ye.
Ye die...

, ,, , * * ##.
, ** * ####.. *
* ####..P.. * *
........#* *,
.......P## * ,
.......# *
##.h*.# * , *
*#...@# , *
#.........#,
...............
,
...............
...............
.##.#.#........
, ,
######.......
....... * ,,,
,,


You could see a wolf and a friendly battlesphere.

Vanquished Creatures
  The ghost of WarriorsX the Skirmisher, a novice HuFi (D:6)
  The ghost of Heedrag the Destroyer, a novice DECj of Vehumet (D:8)
  3 orc knights (Bailey)
  2 spiny frogs (Lair:1)
  A komodo dragon (Lair:1)
  A troll (D:7)
  The ghost of Monsterface the Skirmisher, an amateur OgMo of Ru (D:4)
  A hippogriff (Lair:1)
  A basilisk (Lair:1)
  10 yaks
  3 water moccasins
  Edmund (D:6)
  4 porcupines (Lair:1)
  2 ice beasts
  A sky beast (D:5)
  4 orc warriors
  2 phantoms
  11 wolves
  A centaur (D:6)
  A necrophage (D:6)
  2 ogres
  4 crocodiles (Lair:1)
  7 big kobolds
  4 giant frogs
  A killer bee (D:6)
  5 wights (D:7)
  2 howler monkeys
  An electric eel (D:6)
  A centaur zombie (D:5)
  A crimson imp (D:8)
  A wasp zombie (D:8)
  A giant frog zombie (D:7)
  2 orc priests
  2 hounds
  4 orc wizards
  6 iguanas
  A centaur skeleton (D:6)
  2 worker ants
  2 hound skeletons
  3 gnolls (D:5)
  12 adders
  2 howler monkey skeletons
  2 river rats (Sewer)
  2 shadow imps
  4 oozes
  An adder zombie (D:6)
  An adder skeleton (D:4)
  3 worms
  A dart slug (D:1)
  6 giant geckos
  30 orcs
  7 ball pythons (Sewer)
  4 giant cockroaches
  10 goblins
  4 hobgoblins
  4 jackals
  15 kobolds
  2 quokkas
  4 bats
  4 giant newts
  A quokka skeleton (D:5)
  12 rats
235 creatures vanquished.

Notes
Turn   | Place    | Note
--------------------------------------------------------------
     0 | D:1      | Heedrag the Deep Elf Conjurer began the quest for the Orb.
     0 | D:1      | Reached XP level 1. HP: 10/10 MP: 6/6
   194 | D:1      | Reached XP level 2. HP: 15/15 MP: 2/8
   925 | D:2      | Reached skill level 5 in Conjurations
   925 | D:2      | Reached XP level 3. HP: 19/19 MP: 0/10
   930 | D:2      | Learned a level 3 spell: Dazzling Spray
  1329 | D:2      | Reached XP level 4. HP: 17/24 MP: 7/12
  1951 | D:3      | Learned a level 4 spell: Iskenderun's Mystic Blast
  2340 | D:3      | Reached skill level 5 in Spellcasting
  2345 | D:3      | Found a glowing drain.
  2354 | Sewer    | Entered a sewer
  2370 | Sewer    | Noticed a big kobold
  2387 | Sewer    | Killed a big kobold
  2387 | Sewer    | Reached skill level 6 in Conjurations
  2387 | Sewer    | Reached XP level 5. HP: 10/28 MP: 0/14
  2492 | Sewer    | Learned a level 5 spell: Iskenderun's Battlesphere
  2918 | Sewer    | Reached skill level 7 in Conjurations
  2918 | Sewer    | Reached XP level 6. HP: 8/32 MP: 2/16
  3493 | Sewer    | Reached XP level 7. HP: 33/36 MP: 8/18
  3530 | Sewer    | Reached skill level 8 in Conjurations
  3530 | Sewer    | Reached skill level 1 in Charms
  4327 | D:4      | Found an iron altar of Okawaru.
  4362 | D:4      | Noticed Monsterface's ghost (amateur OgMo)
  4368 | D:4      | Killed Monsterface's ghost
  4549 | D:4      | Found an opulent altar of Gozag.
  4633 | D:4      | Found a shimmering altar of Xom.
  4972 | D:4      | Reached skill level 9 in Conjurations
  5082 | D:4      | Reached XP level 8. HP: 41/41 MP: 13/21
  5462 | D:5      | Entered Level 5 of the Dungeon
  5779 | D:5      | Gained mutation: You expend magic power (3 MP) to strengthen your wands. [mutagenic meat]
  5780 | D:5      | Gained mutation: You are partially covered in icy blue scales (AC +1). [mutagenic meat]
  5781 | D:5      | Gained mutation: Your muscles are strong. (Str +2) [mutagenic meat]
  5782 | D:5      | Gained mutation: Scrolls take you a little longer to read. [mutagenic meat]
  6209 | D:5      | Reached skill level 10 in Conjurations
  6209 | D:5      | Reached skill level 5 in Charms
  6487 | D:6      | Found a snail-covered altar of Cheibriados.
  6955 | D:6      | Noticed Edmund
  6967 | D:6      | Killed Edmund
  7254 | D:6      | Found a shadowy altar of Dithmenos.
  7389 | D:6      | Reached XP level 9. HP: 30/45 MP: 15/23
  7434 | D:6      | Noticed WarriorsX's ghost (novice HuFi)
  7440 | D:6      | Killed WarriorsX's ghost
  7440 | D:6      | Reached skill level 11 in Conjurations
  8232 | D:7      | Found a flagged portal.
  8245 | Bailey   | Entered a bailey
  8524 | Bailey   | Noticed an orc knight
  8524 | Bailey   | Noticed an orc knight
  8653 | Bailey   | Killed an orc knight
  8653 | Bailey   | Reached skill level 10 in Spellcasting
  8653 | Bailey   | Reached skill level 12 in Conjurations
  8753 | Bailey   | Killed an orc knight
  8753 | Bailey   | Reached XP level 10. HP: 50/50 MP: 3/26
  8972 | Bailey   | Noticed an orc knight
  8979 | Bailey   | Killed an orc knight
  9419 | D:7      | Learned a level 2 spell: Swiftness
  9515 | D:7      | Found a staircase to the Ecumenical Temple.
  9520 | Temple   | Entered the Ecumenical Temple
  9529 | Temple   | Became a worshipper of Vehumet
 10130 | D:8      | Found a white marble altar of Elyvilon.
 10314 | D:8      | Lost mutation: Scrolls take you a little longer to read. [potion of cure mutation]
 10314 | D:8      | Lost mutation: You expend magic power (3 MP) to strengthen your wands. [potion of cure mutation]
 10314 | D:8      | Lost mutation: Your muscles are strong. (Str +2) [potion of cure mutation]
 10314 | D:8      | Lost mutation: You are partially covered in icy blue scales (AC +1). [potion of cure mutation]
 10387 | D:8      | Noticed Heedrag's ghost (novice DECj)
 10392 | D:8      | Killed Heedrag's ghost
 10489 | D:8      | Reached skill level 13 in Conjurations
 10496 | D:8      | Learned a level 2 spell: Repel Missiles
 10698 | D:8      | Found a staircase to the Lair.
 10962 | Lair:1   | Entered Level 1 of the Lair of Beasts
 11091 | Lair:1   | Reached skill level 10 in Charms
 11118 | D:8      | Reached * piety under Vehumet
 11118 | D:8      | Offered knowledge of Flame Tongue by Vehumet.
 11121 | D:8      | HP: 2/50 [wolf (4)]
 11823 | Lair:1   | Learned a level 1 spell: Flame Tongue
 11850 | Lair:1   | Reached XP level 11. HP: 55/55 MP: 6/28
 11994 | Lair:1   | Gained mutation: You passively map a small area around you. [potion of beneficial mutation]
 12242 | Lair:1   | Reached skill level 1 in Fighting
 12377 | Lair:1   | Reached skill level 14 in Conjurations
 12508 | Lair:1   | Reached skill level 1 in Fire Magic
 12994 | Lair:2   | Noticed Gastronok
 13013 | Lair:2   | HP: 1/57 [wolf (6)]
 13016 | Lair:3   | Slain by a wolf

Skill      XL: |  1  2  3  4  5  6  7  8  9 10 11 |
---------------+----------------------------------+-----
Spellcasting   | 4 5 6 7 8 10 11 | 11.9
Conjurations   | 5 6 7 9 10 12 13 14 | 14.1
Charms         | 3 6 8 10 | 10.4
Dodging        | 4 |  4.4
Fighting       | 1 |  1.8
Fire Magic     | 1 |  1.8
Stealth        | |  2.4

Action                   |  1- 3 |  4- 6 |  7- 9 | 10-12 || total
-------------------------+-------+-------+-------+-------++-------
Melee: Dagger            |     2 |     5 |       |     7 ||    14
 Cast: Magic Dart        |    76 |   137 |   237 |   156 ||   606
       Dazzling Spray    |       |     1 |     5 |       ||     6
       Iskenderun's Batt |       |       |    31 |    33 ||    64
       Iskenderun's Myst |       |       |     7 |    16 ||    23
  Use: Potion            |       |       |       |    12 ||    12
       Scroll            |       |       |       |    11 ||    11
  Eat: Chunk             |     1 |    17 |    20 |    24 ||    62
Armor: Robe              |       |     2 |     2 |    14 ||    18
Dodge: Dodged            |    11 |    14 |    27 |    40 ||    92
